Map: Ephemeron LE

Players

TSGSolar (Solar) - Winner!

  • Race: Zerg Zerg
  • League: Master
  • Spawn Location: 5:00

SpeCial

  • Race: Terran Terran
  • League: Master
  • Spawn Location: 11:00

VOD

Have the link to the VOD?

Description

Time

  • Played on: Jan. 7, 2020, 6:47 p.m.
  • Length: 8:07
Show
View Real Time Build Order
Export as new Build Order

TSGSolar Zerg - Winner!

Build Orders: Hatch First, Muta Ling Bane 

Get SALT Encoding   

  12  0:01  Drone  
  13  0:12  Overlord  
  13  0:17  Drone  
  14  0:30  Drone x2  
  16  0:48  Hatchery  
  15  0:51  Drone  
  15  0:55  Drone  
  17  0:58  Drone  
  18  1:09  Extractor  
  17  1:13  Spawning Pool  
  17  1:16  Drone  
  17  1:20  Drone  
  18  1:27  Drone  
  19  1:38  Drone  
  20  1:48  Overlord  
  20  2:00  Queen x2  
  20  2:01  Zergling x4  
  26  2:10  Drone  
  26  2:12  Drone  
  28  2:20  Extractor  
  27  2:24  Drone x2, Metabolic Boost  
  30  2:36  Queen  
  32  2:42  Extractor, Overlord  
  32  2:43  Drone  
  33  2:45  Drone  
  33  2:50  Extractor, Drone  
  34  2:54  Drone x2  
  36  3:04  Drone  
  38  3:06  Drone  
  38  3:10  Hatchery  
  38  3:11  Drone x3  
  41  3:16  Queen  
  43  3:20  Overlord  
  43  3:22  Drone  
  44  3:28  Overlord  
  44  3:39  Zergling x4  
  44  3:40  Drone  
  44  3:41  Zergling x2, Drone  
  49  3:43  Drone  
  49  3:44  Drone  
  49  3:46  Zergling x2  
  52  3:49  Drone  
  52  3:52  Overlord  
  52  3:54  Queen  
  55  4:00  Drone  
  56  4:04  Overlord  
  56  4:15  Drone, Roach Warren  
  55  4:17  Drone  
  55  4:21  Drone  
  55  4:23  Extractor, Drone  
  57  4:24  Extractor  
  57  4:27  Drone x4  
  60  4:32  Lair  
  60  4:34  Drone x2  
  60  4:37  Spore Crawler  
  61  4:39  Overlord  
  61  4:40  Baneling Nest  
  61  4:44  Spore Crawler, Queen  
  61  4:45  Spore Crawler, Drone x4  
  65  4:47  Drone  
  65  4:49  Drone  
  67  4:55  Drone  
  67  4:57  Drone x2  
  67  4:59  Drone x3  
  73  5:03  Drone x2  
  73  5:04  Drone  
  76  5:07  Zergling x2  
  76  5:09  Overlord  
  76  5:10  Drone  
  78  5:18  Zergling x8  
  81  5:22  Extractor  
  81  5:24  Overlord  
  81  5:25  Baneling x3  
  81  5:26  Queen  
  82  5:29  Zergling x2, Spine Crawler  
  82  5:30  Zergling x6  
  82  5:32  Baneling x2  
  85  5:39  Zergling x12  
  85  5:41  Queen  
  85  5:45  Spire  
  85  5:47  Drone  
  85  5:48  Drone  
  85  5:49  Drone  
  86  5:52  Drone x2  
  86  5:53  Drone  
  87  5:57  Zergling x10  
  90  6:05  Zergling x4  
  90  6:07  Drone  
  90  6:11  Extractor x2  
  91  6:13  Overlord  
  91  6:15  Centrifical Hooks  
  91  6:16  Drone  
  91  6:18  Drone  
  92  6:20  Overlord  
  92  6:26  Drone  
  92  6:30  Drone  
  92  6:31  Drone  
  92  6:32  Evolution Chamber  
  94  6:33  Drone x3  
  94  6:34  Evolution Chamber  
  94  6:38  Overlord  
  89  6:56  Mutalisk x8  
  105  7:01  Zergling x12  
  111  7:10  Zergling x4  
  111  7:11  Hatchery  
  111  7:13  Zergling x8  
  116  7:25  Zergling x10  
  116  7:29  Baneling x4  
  120  7:30  Zergling x2, Baneling  
  120  7:34  Overlord  
  120  7:35  Overlord x2  
  121  7:44  Overlord  
  121  7:50  Drone  
  121  7:52  Drone  
  121  7:53  Drone  
  121  7:54  Hatchery  
Show
View Real Time Build Order
Export as new Build Order

SpeCial Terran 

Build Orders: 2 Factory, Hellion Opening, Reaper Expand 

Get SALT Encoding   

  12  0:00  SCV  
  13  0:12  SCV  
  14  0:17  Supply Depot  
  14  0:25  SCV  
  15  0:38  SCV  
  15  0:40  Barracks  
  16  0:43  Refinery  
  16  0:51  SCV  
  17  1:03  SCV  
  18  1:15  SCV  
  19  1:27  Orbital Command, Reaper  
  20  1:40  Command Center  
  20  1:51  Supply Depot  
  20  1:54  SCV  
  21  1:59  Marine  
  22  2:06  Factory  
  22  2:09  SCV  
  23  2:17  Refinery  
  23  2:20  Barracks Reactor  
  23  2:21  SCV  
  24  2:27  Engineering Bay  
  24  2:33  SCV  
  25  2:46  SCV  
  26  2:54  Factory, Orbital Command  
  26  2:59  SCV  
  26  3:02  Hellion  
  26  3:04  Hellion  
  31  3:07  Marine  
  31  3:11  SCV  
  33  3:21  SCV  
  33  3:23  SCV, Hellion  
  33  3:25  Marine  
  33  3:26  Hellion  
  40  3:32  Supply Depot  
  40  3:33  SCV  
  41  3:36  SCV  
  41  3:39  Factory Tech Lab  
  42  3:45  Hellion  
  42  3:47  Hellion  
  46  3:53  SCV x2  
  46  3:55  Supply Depot  
  48  3:58  Cyclone  
  51  4:05  SCV  
  52  4:10  SCV  
  52  4:17  SCV, Hellion x2  
  57  4:18  Supply Depot  
  57  4:22  SCV  
  59  4:30  SCV  
  60  4:34  SCV  
  61  4:39  Cyclone  
  61  4:40  Hellion x2  
  61  4:41  Supply Depot, Barracks Tech Lab  
  61  4:42  SCV  
  69  4:51  SCV  
  70  4:59  Command Center  
  70  5:01  Stimpack  
  70  5:02  Marine  
  70  5:03  SCV x2, Supply Depot  
  73  5:14  Siege Tank  
  73  5:15  SCV x2  
  73  5:21  Barracks  
  78  5:22  Factory Reactor, Barracks  
  78  5:24  Marine  
  78  5:27  SCV x2  
  78  5:28  Supply Depot  
  79  5:42  Marine  
  77  5:43  SCV  
  77  5:46  SCV, Siege Tank  
  75  5:50  Engineering Bay x2  
  75  5:55  SCV  
  76  5:58  SCV  
  76  6:00  Marine  
  76  6:03  Starport  
  76  6:04  Refinery x2  
  76  6:07  Factory Reactor  
  76  6:08  SCV  
  76  6:10  Marine x2, SCV, Orbital Command  
  80  6:15  Barracks x2  
  80  6:18  Marine  
  80  6:20  SCV, Marine x2  
  80  6:24  Siege Tank  
  87  6:28  Marine x2  
  87  6:32  SCV x2  
  91  6:36  Marine  
  91  6:38  Marine x2  
  89  6:41  Orbital Command  
  89  6:45  Marine  
  89  6:46  Marine  
  87  6:52  SCV x2  
  87  6:54  Marine  
  90  6:56  Marine x2  
  90  6:57  Factory Tech Lab  
  90  6:58  Medivac x2  
  96  7:03  Marine x2, Barracks Reactor  
  96  7:04  SCV  
  96  7:06  Barracks Reactor  
  96  7:07  SCV  
  100  7:11  Marine  
  100  7:12  SCV  
  100  7:14  Marine x2  
  104  7:16  SCV  
  104  7:17  Supply Depot  
  104  7:19  SCV  
  104  7:21  Marine x2, Refinery  
  104  7:22  Refinery  
  108  7:28  SCV  
  109  7:32  Supply Depot  
  109  7:38  Marine x3  
  109  7:39  SCV x2, Marine x2  
  109  7:40  Supply Depot  
  109  7:43  SCV  
Tags
 
Add a new tag
Caveats
  • Supply blocks, unpowered buildings, or Contaminate may cause inaccurate times.
  • Supply counts are checked every 10 seconds.